 Dungeon Crawl Stone Soup version 0.20-a0-739-g6bb112f (webtiles) character file.

6882 Gorglomux the Archer (level 10, 0/84 HPs)
             Began as a Centaur Hunter on Feb 24, 2017.
             Was an Elder of Zin.
             Succumbed to a killer bee's poison
             ... on level 9 of the Dungeon.
             The game lasted 00:32:23 (16434 turns).

Gorglomux the Archer (Centaur Hunter)              Turns: 16434, Time: 00:32:24

Health: 0/84       AC:  8    Str: 14    XL:     10   Next: 79%
Magic:  27/28      EV:  8    Int: 10    God:    Zin [****..]
Gold:   176        SH:  0    Dex: 14    Spells: 9/9 levels left

rFire    . . .     SeeInvis .   a - +2 shortbow
rCold    . . .     Gourm    .   t - +0 ring mail
rNeg     . . .     Faith    .   (shield currently unavailable)
rPois    .         Spirit   .   (no helmet)
rElec    .         Reflect  .   N - +2 cloak
rCorr    .         Harm     .   (no gloves)
MR       .....                  (no barding)
Stlth    ..........             (no amulet)
Regen    0.3/turn               l - ring of flight
MPRegen  0.3/turn               X - ring of magical power

@: lethally poisoned (0 -> -7), drained, very quick
A: hooves 3, deformed body, speed 2, tough skin 3
a: Recite, Vitalisation, Imprison, Donate Gold, Renounce Religion, Evoke Flight


You were on level 9 of the Dungeon.
You worshipped Zin.
Zin was greatly pleased with you.
You were not hungry.

You visited 2 branches of the dungeon, and saw 10 of its levels.
You also visited: Ossuary.

You collected 370 gold pieces.
You spent 157 gold pieces at shops.
You donated 37 gold pieces to Zin.

Inventory:

Hand Weapons
 a - a +2 shortbow (weapon)
 b - a +1 mace of venom
 c - a +0 hunting sling
 H - a +0 short sword
Missiles
 d - 119 arrows (quivered)
 z - 171 stones
 Z - 2 throwing nets
Armour
 t - a +0 ring mail (worn)
 A - a +0 leather armour
 N - a +2 cloak (worn)
Jewellery
 l - a ring of flight (right hand)
 E - an uncursed ring of protection from fire {unknown}
 F - a +5 amulet of reflection {unknown}
 G - an uncursed ring of positive energy {unknown}
 X - a ring of magical power (left hand)
Wands
 L - a wand of lightning (10/15)
 S - a wand of scattershot (0/9)
 V - a wand of lightning (7/15)
Scrolls
 g - 9 scrolls of remove curse
 j - 4 scrolls of recharging
 n - 2 scrolls of enchant weapon
 x - 3 scrolls of blinking
 y - a scroll of amnesia
 K - a scroll of random uselessness
 M - a scroll of magic mapping
 P - 4 scrolls of enchant armour
 R - a scroll of identify
 T - 4 scrolls of teleportation
Potions
 q - 6 potions of flight
 w - a potion of haste
 B - a potion of degeneration {unknown}
 C - 2 potions of might {unknown}
 J - a potion of invisibility
 Q - 3 potions of agility
 U - 2 potions of mutation
 W - a potion of brilliance
 Y - 2 potions of curing
Comestibles
 f - 7 bread rations
 o - 6 meat rations
 D - 4 chunks of flesh
 I - 2 fruits
 O - 2 royal jellies


   Skills:
 + Level 6.7(5.7) Fighting
 - Level 4.2(3.3) Slings
 - Level 13.0(11.9) Bows
 - Level 1.3(0.5) Dodging
 - Level 0.4(0.0) Stealth
 - Level 12.0(10.9) Invocations


You had 9 spell levels left.
You didn't know any spells.

Dungeon Overview and Level Annotations

Branches:
Dungeon (9/15)             Temple (1/1) D:7
   Lair: D:8-11         Orc: D:9-12

Altars:
Ashenzari
Cheibriados
Dithmenos
Fedhas
Gozag
Hepliaklqana
Kikubaaqudgha
Qazlal
Ru
Sif Muna
Trog
Uskayaw
Vehumet
Wu Jian
Xom
Yredelemnul
Zin
The Shining One

Shops:
D:8 ?


Innate Abilities, Weirdness & Mutations

You have hooves in place of feet.
Armour fits poorly on your strangely shaped body.
You cover ground very quickly.
You have extremely tough skin. (AC +3)


Message History

The killer bee explodes!
The fiery explosion engulfs you!
The fiery explosion engulfs the killer bee.
You kill the killer bee!
The fiery explosion engulfs the killer bee.
The killer bee explodes!
The fiery explosion engulfs the killer bee.
The killer bee explodes!
The fiery explosion engulfs you!
* * * LOW HITPOINT WARNING * * *
The fiery explosion engulfs you!
* * * LOW HITPOINT WARNING * * *
You feel your dexterity returning.
You are engulfed in blazing flames.
* * * LOW HITPOINT WARNING * * *
x2 You feel sick.
You hear an angry buzzing noise.
Unknown command.
Okay, then.
You die...

#...<...........#
#...............#
#...............#
#...............#
###.............#
##.....%......#
#......#######
#......# ##...§§@#
###...§§§§#
#+###.....§§§§######
..........)§§§§.....#
#...................#
#..................#
#..................#
#..................#
#.....(............#


There were no monsters in sight!

Vanquished Creatures
  A two-headed ogre (D:8)
  Joseph (D:8)
  Grinder (D:6)
  3 hippogriffs
  Prince Ribbit (D:8)
  A wyvern (D:8)
  Grum (D:8)
  Menkaure (D:6)
  A water moccasin (D:7)
  A black bear (D:6)
  2 sky beasts
  2 orc warriors
  3 ice beasts
  2 wolves (D:8)
  6 ogres
  4 centaurs
  A big kobold (D:8)
  3 bullfrogs
  A scorpion (D:4)
  A water moccasin skeleton (D:6)
  7 killer bees
  9 wights
  4 howler monkeys (D:8)
  A centaur zombie (D:5)
  4 crimson imps
  A bullfrog zombie (D:8)
  7 hounds
  2 orc priests
  2 quasits
  A bullfrog skeleton (D:8)
  2 centaur skeletons
  4 iguanas
  3 jellies
  Crazy Yiuf (D:3)
  7 orc wizards
  3 worker ants
  2 hound skeletons
  13 mummies (Ossuary)
  A worker ant zombie (D:4)
  14 adders
  4 gnolls (D:6)
  A shadow imp (D:5)
  An ooze (D:7)
  An adder skeleton (D:5)
  4 worms
  2 dart slugs (D:3)
  6 leopard geckos
  24 orcs
  3 ball pythons
  10 giant cockroaches
  13 hobgoblins
  10 jackals
  12 kobolds
  6 quokkas
  14 bats
  7 frilled lizards
  A gnoll skeleton (Ossuary)
  7 goblins
  A goblin skeleton (Ossuary)
  2 kobold skeletons (Ossuary)
  4 orc skeletons (Ossuary)
  13 rats
  11 rat skeletons (Ossuary)
282 creatures vanquished.

Notes
Turn   | Place    | Note
-------+----------+-------------------------------------------
     0 | D:1      | Gorglomux the Centaur Hunter began the quest for the Orb.
     0 | D:1      | Reached XP level 1. HP: 17/17 MP: 1/1
   385 | D:1      | Reached XP level 2. HP: 16/24 MP: 2/2
   392 | D:1      | Reached skill level 6 in Bows
   945 | D:1      | Reached XP level 3. HP: 23/29 MP: 3/3
  1470 | D:2      | Found a glowing golden altar of the Shining One.
  1485 | D:2      | Became a worshipper of the Shining One
  1516 | D:2      | Found a glowing silver altar of Zin.
  1519 | D:2      | Fell from the grace of the Shining One
  1519 | D:2      | Became a worshipper of Zin the Law-Giver
  1554 | D:2      | Reached skill level 7 in Bows
  2074 | D:2      | Reached XP level 4. HP: 27/36 MP: 4/4
  2164 | D:2      | Reached * piety under Zin
  2818 | D:3      | Reached skill level 8 in Bows
  2832 | D:3      | Reached XP level 5. HP: 20/41 MP: 5/5
  2890 | D:3      | Found a snail-covered altar of Cheibriados.
  3038 | D:3      | Found a stormy altar of Qazlal.
  3102 | D:3      | Found a runed door.
  3299 | D:3      | Reached skill level 9 in Bows
  3578 | D:3      | Noticed Crazy Yiuf
  3679 | D:3      | Killed Crazy Yiuf
  4058 | D:4      | Found a sand-covered staircase.
  4063 | Ossuary  | Entered an ossuary
  4126 | Ossuary  | Reached XP level 6. HP: 39/48 MP: 6/6
  4290 | Ossuary  | Reached ** piety under Zin
  4351 | Ossuary  | Reached skill level 10 in Bows
  5582 | D:4      | Found a bloodstained altar of Trog.
  6493 | D:4      | Reached XP level 7. HP: 48/55 MP: 7/7
  6672 | D:5      | Entered Level 5 of the Dungeon
  6724 | D:5      | Reached skill level 11 in Bows
  7136 | D:5      | Reached *** piety under Zin
  7443 | D:5      | Reached skill level 12 in Bows
  8146 | D:6      | Reached XP level 8. HP: 47/61 MP: 8/8
  8151 | D:6      | Noticed Menkaure
  8711 | D:6      | Reached skill level 13 in Bows
  8761 | D:6      | Reached skill level 3 in Slings
  9005 | D:6      | Killed Menkaure
  9232 | D:6      | Reached skill level 1 in Invocations
  9251 | D:6      | HP: 2/62 [wight/spear (7)]
  9316 | D:6      | Reached skill level 3 in Invocations
 10137 | D:6      | Noticed Grinder
 10180 | D:6      | HP: 3/62 [Grinder (2)]
 10181 | D:6      | Zin protects you from harm!
 10186 | D:6      | Killed Grinder
 10186 | D:6      | Reached XP level 9. HP: 25/68 MP: 13/13
 10585 | D:7      | Reached skill level 6 in Invocations
 11352 | D:7      | Found a shadowy altar of Dithmenos.
 11432 | D:7      | Found a basalt altar of Yredelemnul.
 11487 | D:7      | Found a hide-covered altar of Uskayaw.
 12339 | D:7      | Found a staircase to the Ecumenical Temple.
 12422 | D:7      | Reached skill level 9 in Invocations
 13048 | D:7      | Found a deep blue altar of Sif Muna.
 13208 | Temple   | Entered the Ecumenical Temple
 13358 | D:8      | Noticed a two-headed ogre
 13400 | D:8      | Killed a two-headed ogre
 13400 | D:8      | Reached XP level 10. HP: 38/75 MP: 18/18
 13843 | D:8      | Found Renaaqut's Magic Scroll Boutique.
 13848 | D:8      | Bought a scroll of blinking for 112 gold pieces
 13848 | D:8      | Bought a scroll of random uselessness for 15 gold pieces
 13848 | D:8      | Bought a scroll of identify for 30 gold pieces
 14368 | D:8      | Noticed Grum
 14855 | D:8      | Killed Grum
 14961 | D:8      | Reached skill level 12 in Invocations
 15083 | D:8      | Noticed Joseph
 15094 | D:8      | Noticed Prince Ribbit
 15098 | D:8      | Killed Joseph
 15098 | D:8      | Reached skill level 3 in Fighting
 15114 | D:8      | Killed Prince Ribbit
 15422 | D:8      | Reached **** piety under Zin
 16229 | D:8      | Reached skill level 6 in Fighting
 16433 | D:9      | HP: 2/84 [cloud of flame (13)]
 16434 | D:9      | Succumbed to a killer bee's poison

Vault maps used:
D:1:      tarquinn_simple_flora_water_f, serial_glass, glass_columns_b,
          glass_columns_a, minmay_close_crescents
D:2:      lemuel_round_altar, zin_statuary
D:3:      kennysheep_slug_shrine, nicolae_qazlal_eye_of_the_storm,
          uniq_crazy_yiuf_cottage
D:4:      bloody_trog, first_bread, enter_ossuary_2, minmay_misc_feat_hallway
D:6:      uniq_grinder, uniq_menkaure
D:7:      lemuel_doored_altar, kennysheep_mini_moat, yredelemnul_altar_generic,
          eat_drink_and_be_merry_uskayaw, minmay_temple_entry_enclosed_plants,
          grunt_ogre_cave, hangedman_decor_opposing, grunt_decor_arrowhead
D:8:      serial_shops, nicolae_shop_temple_entry_statues_fountains, uniq_grum,
          uniq_joseph, uniq_prince_ribbit1
D:9:      gammafunk_temple_overflow_pools, makhleb_heckhound_becter,
          okawaru_trees_1, basic_altar, minivault_7
Temple:   kb_temple_of_zot
Ossuary:  ossuary_due_small_catacomb

Skill      XL: |  1  2  3  4  5  6  7  8  9 10 |
---------------+-------------------------------+-----
Bows           | 6 7 8 9 10 12 13 | 13.0
Slings         | 4 |  4.2
Invocations    | 5 10 12 | 12.0
Fighting       | 6 |  6.7
Dodging        | |  1.3
Stealth        | |  0.4

Action                   |  1- 3 |  4- 6 |  7- 9 | 10-12 || total
-------------------------+-------+-------+-------+-------++-------
Melee: Short sword       |    44 |       |       |       ||    44
       Kick              |    24 |    56 |    81 |    39 ||   200
       Mace              |    84 |   227 |   310 |   130 ||   751
 Fire: Shortbow          |     3 |    10 |    51 |    75 ||   139
       Hunting sling     |       |    65 |   203 |    87 ||   355
Throw: Stone             |       |       |       |     6 ||     6
Invok: Recite            |       |     2 |    20 |    12 ||    34
       Vitalisation      |       |       |     4 |       ||     4
       Imprison          |       |       |       |     1 ||     1
Evoke: Wand              |       |       |       |     2 ||     2
  Use: Scroll            |       |       |    18 |     4 ||    22
       Potion            |       |       |     2 |     2 ||     4
 Stab: Confused          |       |       |     1 |       ||     1
  Eat: Chunk             |     3 |     6 |    13 |     6 ||    28
       Fruit             |       |     2 |     2 |       ||     4
       Meat ration       |       |     1 |       |       ||     1
       Royal jelly       |       |       |     2 |     1 ||     3
Armor: Leather armour    |    68 |       |       |       ||    68
       Ring mail         |       |    86 |   312 |   115 ||   513
Dodge: Dodged            |    69 |    97 |   251 |   121 ||   538
